 Dungeon Crawl Stone Soup version 0.27-a0-597-g524d869a0f (webtiles) character file.

Game seed: 12445205308244745905

2 siradein the Caller (level 1, 0/10 HPs)
             Began as a Gargoyle Summoner on Mar 11, 2021.
             Slain by a kobold
             ... wielding a +0 short sword
              (1 damage)
             ... on level 1 of the Dungeon.
             The game lasted 00:01:08 (57 turns).

siradein the Caller (Gargoyle Summoner)               Turns: 57, Time: 00:01:09

Health: 0/10       AC:  4    Str: 11    XL:     1   Next: 40%
Magic:  2/3        EV: 11    Int: 15    God:
Gold:   0          SH:  0    Dex: 10    Spells: 3/4 levels left

rFire    . . .     SeeInvis .   c - +0 short sword
rCold    . . .     Faith    .   (no shield)
rNeg     + . .     Spirit   .   a - +0 robe
rPois    ∞         Reflect  .   (no helmet)
rElec    +         Harm     .   (no cloak)
rCorr    .         Rampage  .   (no gloves)
Will     .....                  (no boots)
Stlth    ++........             (no amulet)
HPRegen  0.03/turn              (no ring)
MPRegen  0.08/turn              (no ring)

@: no status effects
A: negative energy resistance 1, electricity resistance, torment resistance 1,
unbreathing 1, petrification resistance, AC +2
a: no special abilities


You were on level 1 of the Dungeon.
You visited 1 branch of the dungeon, and saw 1 of its levels.

Inventory:

Hand Weapons
 c - a +0 short sword (weapon)
Armour
 a - a +0 robe (worn)
Scrolls
 b - a scroll of teleportation {unknown}


   Skills:
 - Level 1.5 Dodging
 - Level 2.1 Stealth
 - Level 2.0 Spellcasting
 + Level 3.7 Summonings


You had 3 spell levels left.
You knew the following spells:

 Your Spells              Type           Power      Damage    Failure   Level
a - Summon Small Mammal   Summ           48%        N/A       4%          1

Your spell library contained the following spells:

 Spells                   Type           Power      Damage    Failure   Level
 Call Imp                 Summ           12%        N/A       7%          2
 Call Canine Familiar     Summ           12%        N/A       14%         3
 Summon Guardian Golem    Hex/Summ       7%         N/A       30%         3
 Summon Ice Beast         Ice/Summ       7%         N/A       71%         4
 Summon Lightning Spire   Summ/Air       7%         N/A       71%         4


Dungeon Overview and Level Annotations

Branches:
Dungeon (1/15)

Altars:


Innate Abilities, Weirdness & Mutations

Your stone body is resilient. (AC +2)
You are immune to poison.
You resist negative energy. (rN+)
You are resistant to electric shocks. (rElec)
You are resistant to unholy torment.
You can survive without breathing.
You are immune to petrification.


Message History

You hit the kobold.
The kobold is heavily wounded.
The kobold barely misses you.
You completely miss the kobold.
The kobold is heavily wounded.
The kobold hits you but does no damage.
A rat comes into view.
Found a whip.
The kobold hits you but does no damage. The rat barely misses you.
The rat bites you but does no damage. The rat barely misses you.
The kobold barely misses you.
You closely miss the kobold.
The kobold is moderately wounded.
The rat bites you. The kobold barely misses you. The rat misses you.
You barely miss the kobold.
The kobold is moderately wounded.
The kobold hits you. The rat bites you.
Casting: Summon Small Mammal (safe; 4% risk of failure)
Press: ? - help, Q - select action Dir - look around, f - activate The kobold hits you.
* * * LOW HITPOINT WARNING * * *
You swap places.
The kobold completely misses your quokka.
Your quokka bites the kobold.
The kobold dies!
The rat barely misses your quokka.
A kobold opens the door.
The rat bites you.
* * * LOW HITPOINT WARNING * * *
Your quokka closely misses the rat.
You hit the rat.
You kill the rat!
You hit the kobold but do no damage.
Your quokka closely misses the kobold.
The kobold hits you but does no damage.
You barely miss the kobold.
Your quokka barely misses the kobold.
The kobold barely misses you.
Your quokka barely misses the kobold.
You barely miss the kobold.
The kobold hits you with a +0 short sword.
You die...

#### ..# ##### ####.####...##
##....##...#..###############
)..............K@............
.###....#####'##r............
#
##..............##.....#...#
#.(........##..##.######..#
#..........###..8.....8...
#..........# #..#.....#..
#...(......# #..#..<..#
..........#### #..#.....#
.....####.# #..8.....8..


You could see a kobold (ally target) and a friendly quokka (summoned).

Vanquished Creatures
  A kobold (D:1)
  A rat (D:1)
2 creatures vanquished.

Vanquished Creatures (collateral kills)
  A kobold (D:1)
1 creature vanquished.

Grand Total: 3 creatures vanquished

Notes
Turn   | Place    | Note
-------+----------+-------------------------------------------
     0 | D:1      | siradein the Gargoyle Summoner began the quest for the Orb.
     0 | D:1      | Reached XP level 1. HP: 10/10 MP: 3/3
    57 | D:1      | Slain by a kobold

Illustrated notes

Levels and vault maps discovered:
D:1:      scummos_arrival_simple_crosswalls, layout_basic

Action                   || total
-------------------------++-------
Melee: Short sword       ||    10
       Unarmed           ||     5
 Cast: Summon Small Mamm ||     1
Armor: Robe              ||     5
Dodge: Dodged            ||     9

Table legend: (Time is in decaauts)
 A = Elapsed time spent in this place.
 B = Non-inter-level travel time spent in this place.
 C = Inter-level travel time spent in this place.
 D = Time resting spent in this place.
 E = Time spent auto-exploring this place.
 F = Levels seen in this place.
 G = Mean time per level.
                   A        B        C        D        E       F      G
               +--------+--------+--------+--------+--------+-----+--------+
         Total |     57 |     57 |      0 |      0 |     15 |   1 |   57.0 |
       Dungeon |     57 |     57 |      0 |      0 |     15 |   1 |   57.0 |
               +--------+--------+--------+--------+--------+-----+--------+

Top non-repeatable levels by time:
     D:1: 57 daAuts
